 Dungeon Crawl Stone Soup version 0.18.1-50-g88ac8fd (webtiles) character file.

95 magog001 the Sneak (level 4, -1/33 HPs)
             Began as a Vampire Assassin on Nov 2, 2016.
             Succumbed to an adder's poison
             ... on level 2 of the Dungeon.
             The game lasted 00:19:42 (2385 turns).

magog001 the Sneak (Vampire Assassin)               Turns: 2385, Time: 00:19:42

Health: -1/33      AC:  4    Str:  9 (11) XL:     4   Next: 39%
Magic:  4/4        EV: 12    Int: 15 (18) God:
Gold:   65         SH:  0    Dex: 12 (15) Spells: 0 memorised, 3 levels left

rFire  . . .     SeeInvis +     a - +2 dagger
rCold  . . .     Gourm    .     c - +0 robe
rNeg   + . .     Faith    .     (no shield)
rPois  .         Spirit   .     (no helmet)
rElec  .         Dismiss  .     d - +0 cloak
rCorr  .         Reflect  .     n - +0 pair of gloves
SustAt .         Harm     .     (no boots)
MR     .....                    (no amulet)
Stlth  ++++......               (no ring)
                                (no ring)

@: brilliant, lethally poisoned (-1 -> -20), not resistant to hostile
enchantments, stealthy
A: fangs 3, see invisible, unbreathing
a: Bat Form


You were on level 2 of the Dungeon.
You were not thirsty.

You visited 1 branch of the dungeon, and saw 2 of its levels.

You collected 65 gold pieces.

Inventory:

Hand Weapons
 a - a +2 dagger (weapon)
 b - a +0 blowgun
Missiles
 f - a curare-tipped needle
 i - 2 poisoned needles
 k - 37 bolts
Armour
 c - a +0 robe (worn)
 d - a +0 cloak (worn)
 n - a +0 pair of gloves (worn)
Magical Staves
 v - an uncursed staff of fire {unknown}
Wands
 o - a wand of iceblast (8/15)
Scrolls
 l - a scroll of enchant armour {unknown}
 q - a scroll of fog {unknown}
 u - a scroll of enchant weapon {unknown}
Potions
 e - a potion of experience {unknown}
 g - 14 potions of blood
 p - a potion of curing {unknown}
 t - a potion of agility {unknown}
Books
 s - a book of Power

   Spells                             Type                      Level
   a - Fulminant Prism                Conjuration/Hexes            4
   b - Iskenderun's Mystic Blast      Conjuration                  4
   c - Venom Bolt                     Conjuration/Poison           5
   d - Bolt of Magma                  Conjuration/Fire/Earth       5
   e - Iron Shot                      Conjuration/Earth            6
   f - Orb of Destruction             Conjuration                  7
   g - Spellforged Servitor           Conjuration/Summoning        7


   Skills:
 + Level 1.9 Fighting
 + Level 2.1 Short Blades
 * Level 3.0 Throwing
 * Level 1.7 Dodging
 * Level 7.0 Stealth


You had 3 spell levels left.
You didn't know any spells.

Dungeon Overview and Level Annotations

Branches:
Dungeon (2/15)

Altars:
Okawaru


Innate Abilities, Weirdness & Mutations

You have razor-sharp teeth.
You have supernaturally acute eyesight.
You can survive without breathing.


Message History

* * * LOW HITPOINT WARNING * * *
You feel sick.
Drink which item? (? for menu, Esc to quit)
It was a potion of brilliance.
You feel clever all of a sudden.
* * * LOW HITPOINT WARNING * * *
You feel sick.
Drink which item? (? for menu, Esc to quit)
It was a potion of degeneration.
There was something very wrong with that liquid.
You feel weakened.
You feel dopey.
You feel clumsy.
* * * LOW HITPOINT WARNING * * *
You feel sick.
Drink which item? (? for menu, Esc to quit)
It was a potion of magic.
Magic courses through your body.
* * * LOW HITPOINT WARNING * * *
You feel sick.
Drink which item? (? for menu, Esc to quit)
It was a potion of lignification.
You feel woody for a moment.
You die...

...........# #.......
#...........(.#
#.......
#............(#
###'##..
#............#####.##..
#...............##.##..
#...............'......
#..............÷##.#...
#......†.....#'#...#...
#.....@......#.#.###.##
#..............#####.#
#..................####
#..........###.###.#...
#..........#.....# ####
#.(........#.....#
#............._....
#........#.#.....#..
##########.#.....#....


There were no monsters in sight!

Vanquished Creatures
  3 adders (D:2)
  3 worms (D:2)
  2 dart slugs
  2 giant geckos (D:1)
  A giant cockroach (D:2)
  4 goblins
  8 hobgoblins
  8 jackals
  6 bats
  7 kobolds
  6 rats
50 creatures vanquished.

Notes
Turn   | Place    | Note
--------------------------------------------------------------
     0 | D:1      | magog001 the Vampire Assassin began the quest for the Orb.
     0 | D:1      | Reached XP level 1. HP: 16/16 MP: 1/1
   159 | D:1      | Reached skill level 6 in Stealth
   431 | D:1      | Reached XP level 2. HP: 22/22 MP: 2/2
  1045 | D:1      | Reached XP level 3. HP: 27/27 MP: 3/3
  2227 | D:2      | Reached XP level 4. HP: 33/33 MP: 4/4
  2357 | D:2      | Found an iron altar of Okawaru.
  2381 | D:2      | Reached skill level 7 in Stealth
  2384 | D:2      | HP: 1/33 [poisoned by an adder]
  2385 | D:2      | Succumbed to an adder's poison

Skill      XL: |  1  2  3  4 |
---------------+-------------+-----
Stealth        | 6 7 |  7.0
Throwing       | 2 3 |  3.0
Fighting       | |  1.9
Short Blades   | |  2.1
Dodging        | |  1.7

Action                   |  1- 3 |  4- 6 || total
-------------------------+-------+-------++-------
Melee: Dagger            |     5 |    20 ||    25
       Bite              |       |     5 ||     5
 Fire: Blowgun           |   119 |    12 ||   131
  Use: Potion            |     6 |     4 ||    10
       Scroll            |     2 |       ||     2
Armor: Robe              |    24 |       ||    24
Dodge: Dodged            |    55 |     4 ||    59
